[Event "Betsys MČR v online bleskovém šachu 2021"]
[Site "Chess.com"]
[Date "2021.04.17"]
[Round "4"]
[White "tomasPardubice"]
[Black "pepca"]
[Result "1-0"]
[WhiteElo "2078"]
[BlackElo "1524"]
[TimeControl "180+1"]
[EndTime "9:36:17 PDT"]
[Termination "Uživatel tomasPardubice zvítězil po vzdání soupeře"]

1. e4 e5 2. Nf3 Nc6 3. Bb5 a6 4.
Ba4 d6 5. O-O Nf6 6. Re1 Bg4 7.
c3 Be7 8. h3 Bh5 9. d3 O-O 10.
Nbd2 d5 11. g4 Bg6 12. Bxc6 bxc6 13. Nxe5 dxe4 14. Nxg6 fxg6 15. Nxe4 Nxe4 16. dxe4 Bh4 17. Be3 Qf6 18. Qe2 Rae8 19. Bd4 Qf4 20. Rad1 Rf7 21. Rd2 Rfe7 22. e5 c5 23. Bxc5 Rxe5 24. Be3 Bxf2+ 25.
Qxf2 Qxf2+ 26. Kxf2 Rf8+ 27. Kg2 Rfe8 28. Rde2 Kf7 29.
Rf2+ Ke6 30. Bd2 Rxe1 31. Bxe1 Kd7 32. Bd2 Kc6 33. Kf3 Rf8+ 34. Ke2 Rxf2+ 35. Kxf2 Kd5 36. Ke3 c5 37. b3 a5 38. c4+ Kc6 39. Bxa5 Kd6 40.
Bc3 Ke6 41. Bxg7 Kd6 42. Bf8+ Kc6 43. Kf4 1-0

[Event "Betsys MČR v online bleskovém šachu 2021"]
[Site "Chess.com"]
[Date "2021.04.17"]
[Round "4"]
[White "masodj"]
[Black "Tlaskin"]
[Result "1-0"]
[WhiteElo "1735"]
[BlackElo "1365"]
[TimeControl "180+1"]
[EndTime "9:36:17 PDT"]
[Termination "Uživatel masodj zvítězil na čas"]

1. e4 c5 2. d4 cxd4 3. c3 dxc3 4. Nxc3 Nc6 5. Bc4 e6 6. Nf3 Bb4 7. Qe2 Bxc3+ 8. bxc3 Nge7 9. Ba3 O-O 10. Bd6 Re8 11. O-O a6 12. Rad1 b5 13. Bb3 Na5 14. Bc2 Nc4 15.
e5 Nf5 16. g4 Nfxd6 17. exd6 Bb7 18. Be4 Bxe4 19. Qxe4 Qa5 20. Ng5 g6 21. Qf3 Rf8 22.
Qh3 h5 23. gxh5 b4 24. hxg6 Qxg5+ 25. Kh1 Kg7 26. Rg1 Qh6 27. gxf7+ Kxf7 28. Qxh6 Rh8 29. Qg7+ 1-0

[Event "Betsys MČR v online bleskovém šachu 2021"]
[Site "Chess.com"]
[Date "2021.04.17"]
[Round "4"]
[White "Maty_2010"]
[Black "BrunoT2"]
[Result "1-0"]
[WhiteElo "941"]
[BlackElo "1170"]
[TimeControl "180+1"]
[EndTime "9:36:23 PDT"]
[Termination "Uživatel Maty_2010 zvítězil na čas"]

1. e4 e5 2. Bc4 Bc5 3. Qh5 Qf6 4. Nf3 g6 5. Qg5 Qxg5 6. Nxg5 Nh6 7. d3 f6 8. Nh3 Nf7 9. Nc3 O-O 10. Bd2 Nc6 11.
O-O-O d6 12. Bh6 Re8 13. g4 Na5 14. Bd2 Nxc4 15. dxc4 Be6 16. b3 a5 17. g5 fxg5 18. Nxg5 Nxg5 19. Bxg5 Kg7 20. h4 Bd4 21. Na4 Bd7 22.
h5 gxh5 23. Rxh5 Bxa4 24. bxa4 c6 25. Bh6+ Kg6 26. Rh4 b5 27. Rg1+ Kf6 28. Bg5+ Ke6 29.
Rh6+ Kd7 30. Rxh7+ Kc8 31. axb5 cxb5 32. cxb5 Rb8 33. c4 a4 34. c5 dxc5 35. b6 Rxb6 36. Rgh1 Rb2 37. a3 Ra2 38. R1h6 Rb2 39. Rc6+ 1-0

[Event "Betsys MČR v online bleskovém šachu 2021"]
[Site "Chess.com"]
[Date "2021.04.17"]
[Round "4"]
[White "jonasstach"]
[Black "Sunnika"]
[Result "0-1"]
[WhiteElo "2005"]
[BlackElo "2320"]
[TimeControl "180+1"]
[EndTime "9:36:25 PDT"]
[Termination "Uživatel Sunnika zvítězil po vzdání soupeře"]

1. d4 Nf6 2. Nf3 g6 3. c4 Bg7 4. Bf4 O-O 5. Nc3 d6 6. e3 a6 7. Bd3 c6 8. Bc2 b5 9. cxb5 axb5 10. O-O Nbd7 11. Ne4 Bb7 12. h3 c5 13. Nxf6+ Bxf6 14.
Bh6 Re8 15. Bd3 c4 16. Bc2 d5 17. a4 b4 18. Re1 e5 19. dxe5 Nxe5 20. Bf4 Nxf3+ 21.
Qxf3 b3 22. Bxg6 hxg6 23. h4 Bxh4 24. Qh3 Bf6 25. g4 Bxb2 26. Kh2 Bg7 27. Rab1 d4 28.
Rh1 Bxh1 29. Rxh1 b2 30. Kg2 Qd5+ 31. Kg3 Qxh1 32. Qxh1 c3 33. exd4 c2 0-1

[Event "Betsys MČR v online bleskovém šachu 2021"]
[Site "Chess.com"]
[Date "2021.04.17"]
[Round "4"]
[White "CZpeeeter"]
[Black "RunningPawnz88"]
[Result "1-0"]
[WhiteElo "1727"]
[BlackElo "1341"]
[TimeControl "180+1"]
[EndTime "9:36:25 PDT"]
[Termination "Uživatel CZpeeeter zvítězil po vzdání soupeře"]

1. d4 Nf6 2. Nf3 g6 3. c4 Bg7 4. Nc3 c6 5. Bg5 O-O 6. e3 d5 7.
Bd3 Bg4 8. O-O Nbd7 9. h3 Bxf3 10. Qxf3 Ne8 11. cxd5 cxd5 12. Qxd5 Nc7 13. Qb3 b6 14. Bc4 a5 15. a4 h6 16. Bf4 Nf6 17. Nb5 Nxb5 18. Bxb5 Ne4 19. Qd3 f5 20. f3 Nc5 21. dxc5 Qxd3 22. Bxd3 Bxb2 23. Rab1 Ba3 24. cxb6 g5 25. Bh2 Rad8 26. Bb5 Bd6 27. Bxd6 Rxd6 28. b7 Rb8 29. Bc4+ Kg7 30. Rb5 Kf6 31. Rfb1 Rd7 32. Rb6+ e6 33. Rxe6+ Kg7 34. Reb6 h5 35. R1b5 Rc7 36.
Be6 Rc3 37. Bc8 Rxe3 38. Rxf5 Ra3 39. Rxg5+ Kf7 40. Rxa5 1-0

[Event "Betsys MČR v online bleskovém šachu 2021"]
[Site "Chess.com"]
[Date "2021.04.17"]
[Round "4"]
[White "tkokosek007"]
[Black "catanist19"]
[Result "0-1"]
[WhiteElo "1398"]
[BlackElo "1740"]
[TimeControl "180+1"]
[EndTime "9:36:26 PDT"]
[Termination "Uživatel catanist19 zvítězil na čas"]

1. d4 d5 2. Bf4 Bf5 3. e3 c6 4.
Nf3 Nf6 5. Be2 e6 6. Nbd2 Bd6 7. Bg3 Bxg3 8. hxg3 Qd6 9. Nb3 Nbd7 10. Bd3 Ne4 11.
Nh4 Bg6 12. Nxg6 fxg6 13. Qe2 Ndf6 14. O-O-O O-O 15. f3 Nxg3 16. Rh3 Nxe2+ 17. Bxe2 e5 18. Rdh1 exd4 19. Nxd4 Qe5 20. f4 Qe7 21. Bd3 a6 22. Bxg6 hxg6 23. Nf3 Qxe3+ 24. Kb1 Qxf4 25. Rh4 Qf5 26. Nd4 Qd7 27. Nf3 Rae8 28. Rh8+ Kf7 29.
Ng5+ Ke7 30. R8h3 Kd6 31. c4 Qf5+ 0-1

[Event "Betsys MČR v online bleskovém šachu 2021"]
[Site "Chess.com"]
[Date "2021.04.17"]
[Round "4"]
[White "Jeff_CZE"]
[Black "kecalk"]
[Result "0-1"]
[WhiteElo "1852"]
[BlackElo "2145"]
[TimeControl "180+1"]
[EndTime "9:36:27 PDT"]
[Termination "Uživatel kecalk zvítězil na čas"]

1. d4 d5 2. c4 e6 3. Nf3 Nf6 4. g3 dxc4 5. Bg2 a6 6. a4 Nc6 7. e3 Rb8 8. O-O Bd7 9. Qc2 b5 10.
Nbd2 Nb4 11. Qd1 Bc6 12. Ne5 Bxg2 13. Kxg2 Qd5+ 14. Ndf3 Bd6 15. Bd2 c5 16. dxc5 Bxc5 17. Bxb4 Bxb4 18. Qxd5 Nxd5 19. e4 Nf6 20. Nc6 Bd6 21.
Nxb8 Bxb8 22. axb5 axb5 23. Ra8 O-O 24. e5 Nd5 25. Nd4 Bxe5 26. Rxf8+ Kxf8 27. Nxb5 Bxb2 28. Rb1 c3 29. Kf3 c2 30. Rxb2 c1=Q 31. Re2 Qc6 32. Nd4 Qb7 0-1

[Event "Betsys MČR v online bleskovém šachu 2021"]
[Site "Chess.com"]
[Date "2021.04.17"]
[Round "4"]
[White "FormerProdigy"]
[Black "KajaOl"]
[Result "1-0"]
[WhiteElo "2858"]
[BlackElo "2362"]
[TimeControl "180+1"]
[EndTime "9:36:31 PDT"]
[Termination "Uživatel FormerProdigy zvítězil na čas"]

1. e4 e5 2. Nf3 Nc6 3. Bc4 Bc5 4.
c3 Nf6 5. d3 d6 6. O-O O-O 7.
Re1 Bb6 8. a4 a5 9. Bg5 h6 10.
Bh4 Kh8 11. Nbd2 g5 12. Bg3 Bg4 13. Nf1 Ne7 14. d4 exd4 15. cxd4 Ng6 16. Ne3 Be6 17. Qc2 Kh7 18. e5 dxe5 19. dxe5 Nd7 20. Rad1 Qe7 21. Nf5 Bxf5 22. Qxf5 Nc5 23. h4 1-0

[Event "Betsys MČR v online bleskovém šachu 2021"]
[Site "Chess.com"]
[Date "2021.04.17"]
[Round "4"]
[White "sipos88"]
[Black "Chessillusion213"]
[Result "0-1"]
[WhiteElo "1866"]
[BlackElo "2172"]
[TimeControl "180+1"]
[EndTime "9:36:31 PDT"]
[Termination "Uživatel Chessillusion213 zvítězil po vzdání soupeře"]

1. e4 c5 2. Nf3 Nc6 3. c3 d5 4.
Bd3 Nf6 5. exd5 Nxd5 6. O-O g6 7.
Bc2 Bg7 8. d4 cxd4 9. cxd4 O-O 10. Be3 Bg4 11. Nc3 e5 12. dxe5 Nxe3 13. fxe3 Qb6 14. Nd5 Qd8 15. Nf6+ Bxf6 16. exf6 Qxf6 17. b3 Qe7 18. e4 Rfd8 19. Qe1 Bxf3 20. Rxf3 Nd4 21. Rc3 Rac8 22. Rxc8 Rxc8 23. Bd3 Qe5 24. Rc1 Rd8 25. Qf2 Ne6 26. Qd2 Qd4+ 27. Kh1 Qxd3 0-1

[Event "Betsys MČR v online bleskovém šachu 2021"]
[Site "Chess.com"]
[Date "2021.04.17"]
[Round "4"]
[White "SanyH"]
[Black "WhiteLittleHorse"]
[Result "1-0"]
[WhiteElo "1595"]
[BlackElo "961"]
[TimeControl "180+1"]
[EndTime "9:36:32 PDT"]
[Termination "Uživatel SanyH zvítězil na čas"]

1. e4 e5 2. f4 exf4 3. Nf3 d5 4. exd5 Qxd5 5. Nc3 Qd8 6. Bc4 Nf6 7. O-O Bd6 8. d4 Kf8 9. Ng5 Be6 10. Bxe6 Kg8 11. Bxf7+ Kf8 12. Bc4 Qd7 13. Ne6+ Ke8 14. Qe2 Be7 15.
Nc5 Qxd4+ 16. Qf2 Bxc5 17. Re1+ Kd8 18. Rd1 Nc6 19. Rxd4+ Bxd4 20. Bxf4 Bxf2+ 21. Kxf2 Rf8 22. Rd1+ Ke7 23. Kg1 Rad8 24. Re1+ Kd7 25. Be6+ Ke8 26. Bc4+ Ne7 27. Bxc7 Rc8 28. Bb5+ Kf7 29. Bd6 Ng6 30. Bxf8 Kxf8 31. Rf1 Kf7 32. Ba4 b6 33. Bb3+ Kf8 34. Nd5 Kf7 35. g4 Ke6 36. Nxb6+ 1-0

[Event "Betsys MČR v online bleskovém šachu 2021"]
[Site "Chess.com"]
[Date "2021.04.17"]
[Round "4"]
[White "NeumanPetr"]
[Black "koky_3"]
[Result "1-0"]
[WhiteElo "2492"]
[BlackElo "2049"]
[TimeControl "180+1"]
[EndTime "9:36:33 PDT"]
[Termination "Uživatel NeumanPetr zvítězil po vzdání soupeře"]

1. e4 c5 2. Nc3 e6 3. g3 Nc6 4. Bg2 h5 5. h3 Nf6 6. d3 g6 7. Bg5 Be7 8. Qd2 Nd4 9. Nd1 d6 10. c3 Nc6 11. Ne2 Bd7 12. Be3 Qa5 13. f4 e5 14. O-O O-O-O 15. Nf2 Kb8 16. a3 Be6 17. b4 Qc7 18. d4 cxd4 19. cxd4 exd4 20. Nxd4 d5 21.
e5 Ne4 22. Nxe4 dxe4 23. Nxe6 fxe6 24. Qa2 Nd4 25. Rac1 Qd7 26. Bxe4 Qb5 27. Rfe1 Rhf8 28. a4 Qa6 29. b5 Qa5 30. Red1 Nf5 31. Bf2 Rxd1+ 32.
Rxd1 Rd8 33. Rxd8+ Bxd8 34. Qxe6 Qxa4 35. Qd7 Qd1+ 36.
Qxd1 1-0

[Event "Betsys MČR v online bleskovém šachu 2021"]
[Site "Chess.com"]
[Date "2021.04.17"]
[Round "4"]
[White "Asmodai5"]
[Black "Tassa15"]
[Result "0-1"]
[WhiteElo "840"]
[BlackElo "858"]
[TimeControl "180+1"]
[EndTime "9:36:34 PDT"]
[Termination "Uživatel Tassa15 zvítězil na čas"]

1. e4 d5 2. exd5 Qxd5 3. Nc3 Qd6 4. Nf3 c6 5. Bc4 Nf6 6. d3 Bg4 7. O-O e6 8. Bg5 Nbd7 9. Ne4 Nxe4 10. dxe4 Qc7 11. h3 Bh5 12. Qd3 h6 13. Bd2 Bd6 14. g3 O-O 15. Bc3 Bxf3 16. Qxf3 Ne5 17. Qd3 Nxc4 18.
Qxc4 Be5 19. Bxe5 Qxe5 20. f4 Qxb2 21. Rab1 Qa3 22. Rb3 Qxa2 23. Rxb7 Qxc4 24. Rc1 Qd4+ 25. Kg2 Qxe4+ 26. Kf2 Qd4+ 27. Kg2 Rfb8 28. Re7 Qe3 29. Rf1 Qe2+ 30. Rf2 Qe4+ 31. Kg1 Qc4 32. Rd7 Qc5 33. Rd2 Rd8 0-1

[Event "Betsys MČR v online bleskovém šachu 2021"]
[Site "Chess.com"]
[Date "2021.04.17"]
[Round "4"]
[White "JIDEMONI"]
[Black "Zavurka1975"]
[Result "0-1"]
[WhiteElo "1900"]
[BlackElo "2212"]
[TimeControl "180+1"]
[EndTime "9:36:35 PDT"]
[Termination "Uživatel Zavurka1975 zvítězil po vzdání soupeře"]

1. d4 Nf6 2. Nf3 d6 3. Nc3 Nbd7 4. e4 e5 5. Be2 Be7 6. O-O O-O 7. Bg5 c6 8. dxe5 dxe5 9. Qd2 Qc7 10. Rad1 a5 11. a4 Nc5 12. Bxf6 Bxf6 13. h3 Be6 14.
Qe3 Be7 15. g4 Rad8 16. Rxd8 Rxd8 17. Rd1 f6 18. Nh4 g6 19. Ng2 Rxd1+ 20. Bxd1 Qb6 21. b3 Qb4 22. Bf3 Bf7 23. Ne2 Ne6 24. Ng3 Bc5 25.
Qd3 Bd4 26. Ne2 Qc5 27. Ne3 Kg7 28. Nxd4 Qxd4 29. Qxd4 Nxd4 30. Bd1 Kf8 31. Kg2 Ke7 32. Kg3 Kd6 33. f4 Kc5 34. fxe5 fxe5 35. g5 Be6 36. c3 Nxb3 37. Bxb3 Bxb3 38. Ng4 Bxa4 39. Nf6 Bc2 40. Kf3 a4 41. Nd7+ Kd6 42. Nb6 Bb3 0-1

[Event "Betsys MČR v online bleskovém šachu 2021"]
[Site "Chess.com"]
[Date "2021.04.17"]
[Round "4"]
[White "Kijonker"]
[Black "ikovacs"]
[Result "1-0"]
[WhiteElo "1518"]
[BlackElo "1046"]
[TimeControl "180+1"]
[EndTime "9:36:35 PDT"]
[Termination "Uživatel Kijonker zvítězil na čas"]

1. e4 e5 2. Nf3 d6 3. Bc4 Nc6 4. d4 Bg4 5. h3 Bxf3 6. Qxf3 Qf6 7. Qxf6 Nxf6 8. Bb5 O-O-O 9. d5 Nd4 10. Bd3 g6 11. Nc3 h5 12. Bg5 Be7 13. Be3 a6 14. Bxd4 exd4 15. Ne2 c5 16. dxc6 bxc6 17. Nxd4 c5 18. Nc6 Rd7 19. Nxe7+ Rxe7 20. f3 Kc7 21. Bxa6 Ra8 22. Bd3 Nd7 23. O-O Ne5 24. Rfd1 c4 25. Bf1 Kc6 26. a4 Rb7 27. Rd4 Kc5 28.
Rd5+ Kc6 29. b3 cxb3 30. Bb5+ Kc7 31. cxb3 Nc6 32. Rc1 Rb6 33. e5 dxe5 34. Rdc5 Ra5 35.
Rxc6+ Rxc6 36. Bxc6 Kd6 37. Bb5 1-0

[Event "Betsys MČR v online bleskovém šachu 2021"]
[Site "Chess.com"]
[Date "2021.04.17"]
[Round "4"]
[White "Svisthorsky"]
[Black "Mimochodem"]
[Result "0-1"]
[WhiteElo "1473"]
[BlackElo "1789"]
[TimeControl "180+1"]
[EndTime "9:36:36 PDT"]
[Termination "Uživatel Mimochodem zvítězil po vzdání soupeře"]

1. d4 d5 2. c4 c5 3. e3 e6 4. Nc3 Nf6 5. Nf3 b6 6. Bd2 Bb7 7. cxd5 Nxd5 8. Bc4 Be7 9. O-O O-O 10. e4 Nxc3 11. Bxc3 Bxe4 12. Qe2 Bb7 13. dxc5 Bxc5 14. Qe5 f6 15. Qxe6+ Kh8 16. Rad1 Qe8 17. Qh3 Nc6 18. Rfe1 Qg6 19. Bd3 Qh6 20. Qd7 Na5 21. Bxa5 Bxf3 22. Bd2 Qh4 23. Qf5 Bxd1 24. Rxd1 Rad8 25. Be4 Bb4 26. g3 g6 27. Qb5 Bxd2 0-1

[Event "Betsys MČR v online bleskovém šachu 2021"]
[Site "Chess.com"]
[Date "2021.04.17"]
[Round "4"]
[White "petiva3"]
[Black "pohoda1966"]
[Result "0-1"]
[WhiteElo "1341"]
[BlackElo "1720"]
[TimeControl "180+1"]
[EndTime "9:36:38 PDT"]
[Termination "Uživatel pohoda1966 zvítězil po vzdání soupeře"]

1. e4 e5 2. Nf3 Nc6 3. d4 exd4 4. Nxd4 d6 5. Bb5 Bd7 6. Nxc6 bxc6 7. Bc4 g6 8. O-O Bg7 9. Be3 Nf6 10. Nc3 O-O 11. Qe2 Re8 12. Bg5 Qb8 13. Rab1 Nxe4 14. Nxe4 d5 15.
Qd3 Rxe4 16. Bb3 Bf5 17. Qf3 Qe8 18. Bf4 Be5 19. Bxe5 Qxe5 20. Ba4 Rxa4 21. Rfe1 Qd6 22. Qb3 Rg4 23. Re3 d4 24. Rf3 Be6 25. Qd3 Re8 26.
Re1 Kg7 27. Qd2 Qd7 28. b3 h6 29. h3 Rg5 30. Qd3 Bf5 31. Qc4 Rxe1+ 32. Kh2 0-1

[Event "Betsys MČR v online bleskovém šachu 2021"]
[Site "Chess.com"]
[Date "2021.04.17"]
[Round "4"]
[White "Bagr92"]
[Black "Gicko13"]
[Result "0-1"]
[WhiteElo "1582"]
[BlackElo "2042"]
[TimeControl "180+1"]
[EndTime "9:36:39 PDT"]
[Termination "Uživatel Gicko13 zvítězil matem"]

1. e4 c5 2. Nf3 d6 3. d4 cxd4 4. Nxd4 Nf6 5. Nc3 g6 6. Be3 Bg7 7. Be2 O-O 8. f4 Nc6 9. O-O Rb8 10. Bf3 Bd7 11. Qe1 Bg4 12. h3 Bxf3 13. Nxf3 b5 14. Rb1 b4 15. Nd5 Nxd5 16. exd5 Na5 17. Qd2 Nc4 18.
Qd3 Nxb2 19. Qe4 Na4 20. f5 Nc3 21. Qg4 Nxb1 22. Rxb1 Rb5 23. Ng5 h6 24. Nf3 Rxd5 25. fxg6 fxg6 26. Qxg6 Rf6 27. Qg4 e6 28. Rxb4 a5 29.
Rb7 Qf8 30. Nd4 Kh8 31. Nxe6 Rf1+ 32. Kh2 Be5+ 33. g3 Rd2+ 34. Bxd2 Qf2# 0-1

[Event "Betsys MČR v online bleskovém šachu 2021"]
[Site "Chess.com"]
[Date "2021.04.17"]
[Round "4"]
[White "Milan_Jancek"]
[Black "feela1"]
[Result "1-0"]
[WhiteElo "1820"]
[BlackElo "1482"]
[TimeControl "180+1"]
[EndTime "9:36:41 PDT"]
[Termination "Uživatel Milan_Jancek zvítězil na čas"]

1. c4 e5 2. Nc3 Nf6 3. g3 Bc5 4. Bg2 c6 5. d3 O-O 6. e4 d6 7.
Nge2 Bg4 8. O-O Nbd7 9. h3 Bh5 10. Be3 Bxe3 11. fxe3 Rb8 12. Qd2 Re8 13. g4 Bg6 14. Ng3 h6 15. Rf2 Nb6 16. b3 d5 17. exd5 cxd5 18. Rd1 dxc4 19. dxc4 Qxd2 20. Rfxd2 Nbd7 21. Rxd7 Nxd7 22. Rxd7 Rbd8 23. Rd5 Rxd5 24. Bxd5 b6 25. e4 Kf8 26. Nb5 a6 27. Nc7 Re7 28. a4 Rxc7 29.
Ne2 f6 30. Nc3 Bf7 31. Kf2 Bxd5 32. Nxd5 Rb7 33. Ke3 Kf7 34. Nb4 a5 35. Nd5 Ke6 36. Kf3 g5 37. Ke3 Kf7 38. Kf3 Ke6 39. Kg3 Kf7 40.
h4 Kg6 41. h5+ Kf7 42. Kf3 Ke6 43. Ke3 Kf7 44. Kd3 Ke6 45. Kc3 Kf7 46. b4 axb4+ 47. Kxb4 Ke6 48. Kb5 Kf7 49. Nxb6 Ke6 50. a5 Kd6 51. a6 Rb8 52. a7 Rh8 53. a8=Q Rxa8 54. Nxa8 Kd7 55. Kc5 Ke7 56. Kd5 Kd8 57. Nb6 1-0

[Event "Betsys MČR v online bleskovém šachu 2021"]
[Site "Chess.com"]
[Date "2021.04.17"]
[Round "4"]
[White "Joanna23W"]
[Black "Patriktesko"]
[Result "1/2-1/2"]
[WhiteElo "2674"]
[BlackElo "2093"]
[TimeControl "180+1"]
[EndTime "9:36:42 PDT"]
[Termination "Remíza opakováním pozice"]

1. e4 d5 2. exd5 Qxd5 3. Nc3 Qd8 4. d4 Nf6 5. g3 Bg4 6. Qd3 c6 7. Bg2 e6 8. Bg5 Be7 9. h3 Bf5 10. Qd2 Nbd7 11. Bf4 Nb6 12. Nf3 Nbd5 13. O-O Nxf4 14. Qxf4 Bd6 15. Qd2 Qc7 16. Rfe1 O-O-O 17. Qg5 Bg6 18.
Ne5 Bxe5 19. dxe5 Nd5 20. Nxd5 cxd5 21. Rac1 Kb8 22. c4 d4 23. c5 d3 24. Red1 Rd4 25. c6 b6 26. h4 h6 27. Qe3 Rhd8 28. Rc3 d2 29. a3 Bh5 30. Bf3 Bxf3 31. Qxf3 R8d5 32.
Qe3 Qxe5 33. c7+ Kc8 34. Qf3 f5 35. Qh5 Rc5 36. Rxc5 bxc5 37. Qe8+ Kxc7 38. Qe7+ Kc6 39. Qe8+ Kc7 40. Qf7+ Kc6 41. Qe8+ Kc7 1/2-1/2

[Event "Betsys MČR v online bleskovém šachu 2021"]
[Site "Chess.com"]
[Date "2021.04.17"]
[Round "4"]
[White "Skalicky"]
[Black "Tomasn2003"]
[Result "0-1"]
[WhiteElo "716"]
[BlackElo "1122"]
[TimeControl "180+1"]
[EndTime "9:36:42 PDT"]
[Termination "Uživatel Tomasn2003 zvítězil na čas"]

1. e4 c5 2. Nf3 d6 3. d4 cxd4 4.
Nxd4 Nf6 5. Nc3 g6 6. Be3 Bg7 7. f3 O-O 8. Qd2 Nc6 9. Bc4 a6 10. Nxc6 bxc6 11. O-O-O Bb7 12. Kb1 d5 13. exd5 cxd5 14.
Bb3 e5 15. Ne2 d4 16. Bf2 Rc8 17. Rhe1 e4 18. Qxd4 exf3 19. Qxd8 Rcxd8 20. gxf3 Rxd1+ 21. Rxd1 Bxf3 22. Nd4 Rd8 23. Kc1 Bxd1 24. Kxd1 Ne4 25. Be1 Rxd4+ 26. Ke2 Rd6 27. Ke3 Ng5 28. Bg3 Rb6 29. a4 Bxb2 30. Bf4 Bc1+ 31. Kd4 Bxf4 32. Kc5 Be3+ 33. Kc4 Rxb3 34. Kxb3 f5 35. c4 f4 36. Kc2 f3 37. Kd3 f2 38. Ke2 Ne6 39.
a5 Nc5 40. h4 Nb3 41. Kf1 Nxa5 42. c5 Nc6 43. h5 a5 44. h6 a4 0-1

[Event "Betsys MČR v online bleskovém šachu 2021"]
[Site "Chess.com"]
[Date "2021.04.17"]
[Round "4"]
[White "Tynano"]
[Black "Honza_13"]
[Result "0-1"]
[WhiteElo "2087"]
[BlackElo "1908"]
[TimeControl "180+1"]
[EndTime "9:36:44 PDT"]
[Termination "Uživatel Honza_13 zvítězil – soupeř opustil hru"]

1. e4 c5 2. Nf3 Nc6 3. d4 cxd4 4. Nxd4 e5 5. Nb5 d6 6. N1c3 a6 7. Na3 Be7 8. Nd5 Nf6 9. Nxe7 Qxe7 10. Nc4 Nxe4 11.
f3 Qh4+ 12. g3 Nxg3 13. hxg3 Qxh1 14. Nxd6+ Kf8 15. Be3 Bh3 16. Kd2 Bxf1 17. Qxf1 Qxf1 18. Rxf1 Rd8 19. Bc5 Ke7 20. f4 Rxd6+ 21. Bxd6+ Kxd6 22. fxe5+ Nxe5 23. Ke3 Ke6 24. b3 b5 25. Kf4 f6 26.
Re1 Rc8 27. Re2 g5+ 28. Ke3 h5 0-1

[Event "Betsys MČR v online bleskovém šachu 2021"]
[Site "Chess.com"]
[Date "2021.04.17"]
[Round "4"]
[White "Innerz98"]
[Black "Koli05"]
[Result "1-0"]
[WhiteElo "2111"]
[BlackElo "1771"]
[TimeControl "180+1"]
[EndTime "9:36:46 PDT"]
[Termination "Uživatel Innerz98 zvítězil matem"]

1. d4 d5 2. Bf4 e6 3. e3 c5 4. Nf3 Nf6 5. c3 Nc6 6. Bd3 Nh5 7. Bg5 f6 8. Bh4 g6 9. Nbd2 cxd4 10.
exd4 Bg7 11. O-O O-O 12. Re1 Qc7 13. c4 g5 14. Bg3 Nxg3 15. hxg3 g4 16. Nh2 h5 17.
Rc1 Qb6 18. cxd5 exd5 19. Nb3 f5 20. Rc5 Nxd4 21. Rxd5 Nxb3 22. axb3 Be6 23. Rb5 Qc6 24. Rxe6 Qd7 25. Re1 Kh8 26. Bc4 Qc6 27. Qd5 a6 28. Qxc6 bxc6 29. Rb6 c5 30. Nf1 Bxb2 31. Ne3 Bc3 32.
Rd1 a5 33. Rh6+ Kg7 34. Rxh5 Kg6 35. Rh4 Rf6 36. Nd5 Rd6 37. Nf4+ Kg5 38. Rxd6 Bf6 39. Rh5# 1-0

[Event "Betsys MČR v online bleskovém šachu 2021"]
[Site "Chess.com"]
[Date "2021.04.17"]
[Round "4"]
[White "jonvon640"]
[Black "JosefBara"]
[Result "0-1"]
[WhiteElo "1658"]
[BlackElo "1303"]
[TimeControl "180+1"]
[EndTime "9:36:47 PDT"]
[Termination "Uživatel JosefBara zvítězil na čas"]

1. e4 e6 2. d4 d5 3. exd5 exd5 4. Bd3 Nf6 5. c3 Be7 6. Bf4 O-O 7. Nd2 Bg4 8. f3 Bh5 9. Ne2 c6 10. O-O Nbd7 11.
Ng3 Bg6 12. Qc2 Bxd3 13. Qxd3 Qb6 14. b3 c5 15. Nf5 Bd8 16. Kh1 cxd4 17. Qxd4 Qxd4 18.
Nxd4 Bb6 19. Rac1 Rac8 20. Rfe1 h6 21. b4 a6 22. N2b3 Rfe8 23. Bd2 Rxe1+ 24. Rxe1 Bxd4 25. Nxd4 Nb6 26. Nf5 Nc4 27. Ne7+ Kh8 28. Nxc8 Nxd2 29.
Re7 Kg8 30. Rxb7 Nc4 31. Nb6 Ne3 32. Ra7 Nh5 33. Rxa6 Nf4 34. Nd7 Nfxg2 35. Ra8+ Kh7 36. Nf8+ Kg8 37. b5 g6 38. b6 Nf4 39. b7 Nh3 40. Nxg6+ Kg7 41. Rg8+ Kxg8 42. b8=Q+ Kg7 43. Qg3 fxg6 0-1

[Event "Betsys MČR v online bleskovém šachu 2021"]
[Site "Chess.com"]
[Date "2021.04.17"]
[Round "4"]
[White "Kamilotka"]
[Black "malviny"]
[Result "1/2-1/2"]
[WhiteElo "1633"]
[BlackElo "1169"]
[TimeControl "180+1"]
[EndTime "9:36:47 PDT"]
[Termination "Remíza opakováním pozice"]

1. e4 e5 2. d4 exd4 3. Bc4 d6 4. Qxd4 Be6 5. Bxe6 Nc6 6. Bxf7+ Kxf7 7. Qc4+ Ke8 8.
Nc3 Qe7 9. Nf3 Nf6 10. O-O Ne5 11. Nxe5 dxe5 12. Qb5+ c6 13. Qe2 Rd8 14. Bg5 h6 15.
Bh4 g5 16. Bg3 Bg7 17. Rfd1 Kf7 18. Qc4+ Kg6 19. h4 Rhe8 20. Qe2 Nh5 21. hxg5 Qxg5 22. Bh2 Rf8 23. Rxd8 Rxd8 24. Rd1 Rxd1+ 25. Qxd1 Nf4 26. Bxf4 Qxf4 27. f3 Qe3+ 28. Kf1 Qg5 29. Qd6+ Kh5 30. g4+ Kh4 31. Qd1 Qf4 32. Qe1+ Kg5 33. Qd1 Qe3 34. Kg2 Kh4 35. Qh1+ Kg5 36. Qh5+ Kf6 37. Qf5+ Ke7 38.
Qg6 Qd2+ 39. Kg3 Qe1+ 40. Kg2 Qd2+ 41. Kg3 Qf4+ 42. Kg2 Qd2+ 1/2-1/2

[Event "Betsys MČR v online bleskovém šachu 2021"]
[Site "Chess.com"]
[Date "2021.04.17"]
[Round "4"]
[White "DrStillestein"]
[Black "Maldaj"]
[Result "0-1"]
[WhiteElo "2116"]
[BlackElo "2411"]
[TimeControl "180+1"]
[EndTime "9:36:48 PDT"]
[Termination "Uživatel Maldaj zvítězil matem"]

1. c4 e6 2. Nc3 d5 3. cxd5 exd5 4. d4 c6 5. Nf3 Bf5 6. Bf4 Bd6 7. Bxd6 Qxd6 8. e3 Nf6 9. Bd3 Bxd3 10. Qxd3 Nbd7 11. O-O O-O 12. Rfe1 Rfe8 13. a3 a5 14. Rac1 Ne4 15.
Nd2 f5 16. Ndxe4 fxe4 17. Qe2 Nf6 18. Na4 Rf8 19. Rc5 Nd7 20. Rc2 Rf6 21. Nc5 Rh6 22. g3 Nxc5 23. Rxc5 Qe6 24. Qf1 Rf6 25. Re2 b6 26.
Rc3 Raf8 27. Qg2 Rf3 28. Rec2 Qg4 29. Rxc6 Rxe3 30. Rc1 Rd3 31. h3 Qe2 32. Qf1 Rxg3+ 33. fxg3 Rxf1+ 34. Rxf1 h5 35. Rc8+ Kh7 36. Rff8 Qe3+ 37.
Kg2 Qxd4 38. Rh8+ Kg6 39. Rc6+ Kf7 40. Rhc8 e3 41. R8c7+ Kg8 42. Rc8+ Kh7 43. Re6 Qd2+ 44. Kf3 Qf2# 0-1

[Event "Betsys MČR v online bleskovém šachu 2021"]
[Site "Chess.com"]
[Date "2021.04.17"]
[Round "4"]
[White "svTomas"]
[Black "rakintsev"]
[Result "1-0"]
[WhiteElo "1426"]
[BlackElo "1758"]
[TimeControl "180+1"]
[EndTime "9:36:51 PDT"]
[Termination "Uživatel svTomas zvítězil matem"]

1. e4 c6 2. Nf3 d5 3. exd5 cxd5 4.
d4 Bg4 5. Be2 Nf6 6. Nc3 e6 7.
Bd2 Be7 8. h3 Bh5 9. g4 Bg6 10.
Ne5 Qb6 11. Na4 Qxd4 12. Bb5+ Kf8 13. Bc3 Qe4+ 14. Kd2 Qf4+ 15. Ke1 Ne4 16. Qf3 Qxf3 17. Nxf3 a6 18. Bd3 b5 19. Nb6 Ra7 20. Bd4 Rb7 21. a4 Nc6 22. a5 Nxd4 23. Nxd4 Bc5 24. Nc6 Bxb6 25. axb6 Rxb6 26. Bxb5 axb5 27. Ra8+ Rb8 28.
Rxb8# 1-0

[Event "Betsys MČR v online bleskovém šachu 2021"]
[Site "Chess.com"]
[Date "2021.04.17"]
[Round "4"]
[White "keram91"]
[Black "dzerenyss"]
[Result "0-1"]
[WhiteElo "757"]
[BlackElo "1151"]
[TimeControl "180+1"]
[EndTime "9:36:52 PDT"]
[Termination "Uživatel dzerenyss zvítězil matem"]

1. d3 e5 2. e4 Nf6 3. f3 Be7 4.
a3 O-O 5. Be3 Nc6 6. Nc3 d5 7.
exd5 Nxd5 8. Ne4 Nxe3 9. Qe2 Qd4 10. Rc1 Bf5 11. c3 Qb6 12. g4 Bxe4 13. fxe4 Bc5 14. Nf3 Nxg4 15. d4 Bd6 16. Ng5 Nf6 17. Rg1 exd4 18.
Qg2 g6 19. Bc4 Ne7 20. Bxf7+ Rxf7 21. Qh3 Rg7 22. Ne6 Rf7 23. Rxg6+ hxg6 24. b4 Nxe4 25. Qh6 dxc3 26. Nf8 Qf2+ 27. Kd1 Qf1+ 28. Kc2 Qf2+ 29. Kb1 Qb2# 0-1